 Dungeon Crawl Stone Soup version 0.16.2-12-gd0ad4c3 (webtiles) character file.

628 Charly the Cleaver (level 7, 25/63 HPs)
             Began as a Deep Dwarf Gladiator on Oct 29, 2016.
             Quit the game on level 6 of the Dungeon.
             The game lasted 00:11:24 (382 turns).

Charly the Cleaver (Deep Dwarf Gladiator)            Turns: 382, Time: 00:11:24

Health: 25/63      AC: 11    Str: 21    XL:     7   Next: 23%
Magic:  5/5        EV:  7    Int:  8    God:
Gold:   14         SH:  0    Dex: 13    Spells: 0 memorised, 6 levels left

rFire  . . .     SeeInvis .     d - +0 battleaxe
rCold  + . .     Clarity  .     a - +0 plate armour
rNeg   . . .     SustAb   .     (no shield)
rPois  .         Gourm    .     c - +0 helmet
rElec  .         Spirit   .     (no cloak)
rCorr  .         Warding  .     (no gloves)
rMut   .         Stasis   .     (no boots)
MR     +....                    h - amulet of faith
Stlth  ..........               (no ring)
                                i - ring of protection from cold

@: lethally poisoned (25 -> -21), non-regenerating, drained, somewhat resistant
to hostile enchantments, extremely unstealthy
A: damage resistance, recharge devices, sense surroundings 1, slow healing 3
a: Device Recharging


You were on level 6 of the Dungeon.
You were not hungry.

You visited 1 branch of the dungeon, and saw 6 of its levels.

You collected 14 gold pieces.

Inventory:

Hand weapons
 d - a +0 battleaxe (weapon)
Missiles
 k - a throwing net (quivered)
Armour
 a - a +0 plate armour (worn)
 b - a +0 leather armour
 c - a +0 helmet (worn)
Jewellery
 h - an amulet of faith (around neck)
 i - a ring of protection from cold (left hand)
Magical devices
 e - a wand of heal wounds (1)
Comestibles
 f - 2 bread rations
 j - a meat ration


   Skills:
 + Level 3.8(3.5) Fighting
 * Level 8.2(7.9) Axes
 - Level 1.7(1.4) Throwing
 - Level 3.2(2.9) Dodging


You had 6 spell levels left.
You didn't know any spells.

Dungeon Overview and Level Annotations

Branches:
Dungeon (6/15)
 Temple: D:4-7

Altars:
Fedhas
Sif Muna
Yredelemnul


Innate Abilities, Weirdness & Mutations

You are resistant to damage.
You can recharge devices by infusing magical energy.
You passively map a small area around you.
You do not heal naturally.


Message History

Evoke which item? (* to show all) (? for menu, Esc to quit)
Zapping:
e - a wand of heal wounds (2)
Press: ? - help, Shift-Dir - straight line, f - you You feel much better.
This wand has 1 charge left.
You feel very sick. The killer bee stings you. x2
You are lethally poisoned!
The killer bee poisons you! The killer bee barely misses you.
The killer bee closely misses you.
The centaur hits you but does no damage.
The killer bee stings you but does no damage.
The wight hits you with a battleaxe!
* * * LOW HITPOINT WARNING * * *
The wight hits you with an enchanted scimitar!
* * * LOW HITPOINT WARNING * * *
You feel drained. The orc wizard barely misses you. The killer bee stings you.
You are more poisoned.
The killer bee poisons you!
Unknown command.
Are you sure you want to abandon this character and quit the game? (Confirm with "yes".)

, .... , ..........
, ............ ,
.............. ,
................ *
................, *
................
........c.y.......
, * ,
......o.o@y.......
, ,,
,........zzy.......
* * *
................ ,
*# *
,..............#. #
, .............## #
............# , #
............, #
.....###.# ,.# # ,
### , ...#


You could see an orc warrior, a centaur, 3 killer bees, 2 wights and an orc
wizard.

Vanquished Creatures
  2 orc warriors (D:6)
  A giant frog (D:6)
  4 wights (D:6)
  A killer bee (D:6)
  A crimson imp (D:6)
  An orc priest (D:6)
  A hound (D:5)
  An orc wizard (D:6)
  Jessica (D:2)
  A worker ant zombie (D:6)
  A shadow imp (D:5)
  A giant gecko (D:5)
  6 orcs
  2 bats (D:2)
  3 goblins
  3 jackals (D:2)
  2 kobolds
  A rat (D:2)
33 creatures vanquished.

Notes
Turn   | Place    | Note
--------------------------------------------------------------
     0 | D:1      | Charly, the Deep Dwarf Gladiator, began the quest for the Orb.
     0 | D:1      | Reached XP level 1. HP: 19/19 MP: 1/1
    37 | D:2      | Reached XP level 2. HP: 26/26 MP: 2/2
    41 | D:2      | Reached skill level 4 in Axes
    62 | D:2      | Found a basalt altar of Yredelemnul.
    84 | D:2      | Noticed Jessica
    90 | D:2      | Killed Jessica
    90 | D:2      | Reached XP level 3. HP: 24/32 MP: 3/3
   116 | D:3      | Found a deep blue altar of Sif Muna.
   132 | D:5      | Entered Level 5 of the Dungeon
   174 | D:6      | Noticed an orc warrior
   226 | D:5      | Reached skill level 5 in Axes
   226 | D:5      | Reached XP level 4. HP: 37/39 MP: 4/4
   241 | D:4      | Found a blossoming altar of Fedhas.
   257 | D:6      | Noticed a giant frog
   257 | D:6      | Noticed an orc warrior
   274 | D:6      | Killed a giant frog
   274 | D:6      | Reached skill level 6 in Axes
   274 | D:6      | Reached XP level 5. HP: 25/45 MP: 4/4
   290 | D:6      | Killed an orc warrior
   305 | D:6      | Reached skill level 7 in Axes
   305 | D:6      | Reached XP level 6. HP: 16/55 MP: 4/4
   346 | D:6      | Noticed an orc warrior
   352 | D:6      | Killed an orc warrior
   352 | D:6      | Reached skill level 8 in Axes
   352 | D:6      | Reached XP level 7. HP: 33/62 MP: 5/5
   373 | D:6      | Noticed a centaur
   382 | D:6      | Quit the game

Action                   |  1- 3 |  4- 6 |  7- 9 || total
-------------------------+-------+-------+-------++-------
Melee: War axe           |    47 |    22 |       ||    69
       Battleaxe         |       |    20 |     4 ||    24
Throw: Throwing net      |       |     5 |       ||     5
 Abil: Device Recharging |       |     2 |       ||     2
Evoke: Wand              |     1 |    11 |     3 ||    15
  Use: Scroll            |       |       |     1 ||     1
